 Dungeon Crawl Stone Soup version 0.31.0-4-g52a2dc7128 (webtiles) character file.

Game seed: 12691488991925692491

846 Drazool the Caller (level 8, -3/46 HPs)
             Began as an Octopode Summoner on Jan 21, 2024.
             Was an Initiate of Sif Muna.
             Killed from afar by Ijyb (13 damage)
             ... with a bolt of acid
             ... on level 4 of the Dungeon.
             The game lasted 00:26:47 (5711 turns).

Drazool the Caller (Octopode Summoner)              Turns: 5711, Time: 00:26:50

Health: -3/46      AC: -3    Str:  8    XL:     8   Next: 0%
Magic:  11/12      EV: 12    Int: 19    God:    Sif Muna [......]
Gold:   152        SH:  6    Dex: 12    Spells: 3/13 levels left

rFire   . . .        (no weapon)
rCold   . . .        k - +2 buckler
rNeg    + . .        (helmet restricted)
rPois   .            (no amulet)
rElec   .            N - ring of positive energy
rCorr   .            (no ring)
SInv    .            (no ring)
Will    .....        (no ring)
Stlth   +++          (no ring)
HPRegen 0.27/turn    (no ring)
MPRegen 0.13/turn    (no ring)
                     (no ring)

%: no passive effects
@: corroded
A: almost no armour, amphibious, 8 rings, camouflage 1, gelatinous body 1,
(nimble swimmer 1), tentacles
a: Renounce Religion


You were on level 4 of the Dungeon.
You worshipped Sif Muna.
Sif Muna was noncommittal.
You visited 2 branches of the dungeon, and saw 7 of its levels.

You collected 262 gold pieces.
You spent 110 gold pieces at shops.


Innate Abilities, Weirdness & Mutations

You cannot wear most types of armour.
You are amphibious.
You can wear up to eight rings at the same time.
Your skin changes colour to match your surroundings (Stealth+).
Your rubbery body absorbs attacks. (AC +1, EV +1)
((You are camouflaged when in or above water. (Stealth+)))
You have tentacles for arms and can constrict up to eight enemies at once.


   Skills:
 - Level 2.0 Dodging
 - Level 2.6 Stealth
 - Level 3.7 Shields
 - Level 3.1 Spellcasting
 - Level 6.0 Summonings
 + Level 5.5 Fire Magic


You had 3 spell levels left.
You knew the following spells:

 Your Spells              Type           Power      Damage    Failure   Level
c - Call Imp              Summ           50%        N/A       3%          2
f - Call Canine Familiar  Summ           25%        N/A       6%          3
z - Summon Small Mammal   Summ           100%       N/A       1%          1
X - Summon Blazeheart Go  Fire/Summ      24%        N/A       22%         4

Your spell library contained the following spells:

 Spells                   Type           Power      Damage    Failure   Level
 Sting                    Conj/Alch      8%         1d3       22%         1
 Inner Flame              Hex/Fire       13%        N/A       22%         3
 Jinxbite                 Hex            4%         N/A       34%         2
 Mercury Vapours          Alch/Air       4%         N/A       34%         2
 Sublimation of Blood     Necr           2%         N/A       34%         2
 Summon Lightning Spire   Summ/Air       14%        N/A       54%         4
 Olgreb's Toxic Radiance  Alch           2%         N/A       92%         4
 Irradiate                Conj/Alch      1%         3d12      99%         5
 Yara's Violent Unravell  Hex/Alch       1%         3d3       99%         5
 Enfeeble                 Hex            1%         N/A       100%        7
 Summon Hydra             Summ           12%        N/A       100%        7
 Ignition                 Fire           12%        3d6       100%        8

Inventory:

Armour
 k - a +2 buckler (worn)
Jewellery
 I - a +6 ring of intelligence
 N - a ring of positive energy (left tentacle)
Wands
 o - a wand of flame (8)
Scrolls
 a - a scroll of enchant weapon {unknown}
 b - 2 scrolls of teleportation {@r2}
 e - 4 scrolls of fog
 g - a scroll of blinking
 h - a scroll of fear {unknown}
 i - 2 scrolls of poison
 j - a scroll of amnesia
 l - a scroll of enchant armour
 n - 2 scrolls of vulnerability {unknown}
 p - a scroll of revelation {unknown}
Potions
 c - 4 potions of curing {@q1}
 d - a potion of lignification {unknown}
 f - 2 potions of brilliance

Dungeon Overview and Level Annotations

Branches:
Dungeon (6/15)             Temple (1/1) D:5

Altars:
Ashenzari
Cheibriados
Dithmenos
Elyvilon
Fedhas
Gozag
Hepliaklqana
Kikubaaqudgha
Makhleb
Nemelex Xobeh
Okawaru
Qazlal
Ru
Sif Muna
Uskayaw
Vehumet
Wu Jian
Xom
Yredelemnul
Zin
The Shining One

Shops:
D:2 ?

Annotations:
D:3 1 transporter, occam's ghost, amateur OpSh
D:4 Ijyb
D:5 2 runed translucent doors

##'#.........###.#
#................#
#................#
#................#
#................#
######................#
#.....................#
#.###.....[...........#
#.#.'.......g..@......#
#.#.#.....#...###.#####
#.#.#.....#...# #.#
#.#.#.....#...# #.#
#.#.#.....##### #.###
#.#.##'###### #...#
#.#.##......# #...#
#.#.##......# #...#
##.#.##......# #...#


You could see Ijyb.


Message History

Your inugami hits the gnoll!
The gnoll dies!
Sif Muna accepts your kill.
You have reached level 8!
You block the gnoll sergeant's attack.
Your inugami barely misses the gnoll sergeant.
You see here a +0 spear.
The gnoll sergeant hits you from afar with a +0 spear!
Your inugami hits the gnoll sergeant.
The gnoll sergeant hits you from afar with a +0 spear!
* * * LOW HITPOINT WARNING * * *
Your inugami barely misses the gnoll sergeant.
Unknown command.
The gnoll sergeant completely misses your inugami.
Your inugami hits the gnoll sergeant but does no damage.
Unknown command.
The gnoll sergeant hits your inugami with a +0 spear!
The gnoll sergeant blocks your inugami's attack.
The gnoll sergeant hits your inugami with a +0 spear!
Your inugami barely misses the gnoll sergeant.
Your inugami hits the gnoll sergeant. Your inugami hits the gnoll sergeant.
There is a stone staircase leading up here.
Something stings your inugami but does no damage.
You climb upwards.
Level annotation: Ijyb Ijyb zaps a wand.
The bolt of acid hits you!
* * * LOW HITPOINT WARNING * * *
The acid corrodes you!
Ijyb zaps a wand.
The bolt of acid hits you!
You die...

Skill      XL: |  1  2  3  4  5  6  7 |
---------------+----------------------+-----
Summonings     | 5 6 |  6.0
Shields        | 1 3 |  3.7
Spellcasting   | 3 |  3.1
Fire Magic     | 4 5 |  5.5
Dodging        | |  2.0
Stealth        | |  2.6

Action                     |  1- 3 |  4- 6 |  7- 9 || total
---------------------------+-------+-------+-------++-------
  Melee: Unarmed           |    19 |    44 |    14 ||    77
         Constrict         |     7 |    12 |     3 ||    22
         Tentacles         |     5 |    13 |     1 ||    19
   Cast: Summon Small Mamm |    53 |    35 |     2 ||    90
         Call Imp          |     5 |     8 |     1 ||    14
         Call Canine Famil |       |    21 |     9 ||    30
  Evoke: Wand              |       |     6 |       ||     6
    Use: Scroll            |     6 |     5 |     1 ||    12
         Potion            |       |     5 |     1 ||     6
   Stab: Sleeping          |     1 |       |       ||     1
 Armour: Skin              |     5 |    47 |    14 ||    66
  Dodge: Dodged            |     6 |    34 |    14 ||    54
  Block: Buckler           |       |    17 |     7 ||    24

Levels and vault maps discovered:
D:1:      denvon_arrival_planthouse, layout_basic
D:2:      layout_loops_ring, serial_glass, glass_columns_a, glass_columns_b,
          serial_shops, nicolae_shop_rolled_up
D:3:      layout_loops_ring, chequers_temple_overflow_statue_of_worship,
          serial_rivers, chequers_serial_rivers_small_3,
          chequers_serial_rivers_small_a, chequers_serial_rivers_micro_d,
          chequers_serial_rivers_large_a, chequers_serial_rivers_micro_a,
          chequers_serial_rivers_small_b, gammafunk_ghost_smash,
          hellmonk_ecumenical_altar_arch_garden
D:4:      layout_basic, zin_treasury, minmay_surrounded, uniq_blork_the_orc,
          uniq_ijyb
D:5:      lemuel_insect_pit, layout_cave_pools, temple_hall,
          minmay_fractal_squares_5
D:6:      layout_basic, mainiacjoe_overflow_cross_hatched
Temple:   minmay_crystal_spiral_temple

Notes
Turn   | Place    | Note
-------+----------+-------------------------------------------
     0 | D:1      | Drazool the Octopode Summoner began the quest for the Orb.
     0 | D:1      | Reached XP level 1. HP: 11/11 MP: 3/3
   202 | D:1      | Reached XP level 2. HP: 17/17 MP: 1/5
   205 | D:1      | Learned a level 2 spell: Call Imp
  1358 | D:2      | Reached XP level 3. HP: 21/21 MP: 3/6
  1436 | D:2      | Reached skill level 5 in Summonings
  1562 | D:2      | Found Jimn's Magic Scroll Shop.
  1565 | D:2      | Bought a scroll of teleportation for 30 gold pieces
  1565 | D:2      | Bought a scroll of identify for 20 gold pieces
  1565 | D:2      | Bought a scroll of identify for 20 gold pieces
  1683 | D:2      | Identified a potion of resistance
  1759 | D:3      | Found a transporter.
  1763 | D:3      | Noticed occam's ghost (amateur OpSh)
  1764 | D:3      | Noticed an ogre
  1781 | D:3      | Found a faded altar of an unknown god.
  1946 | D:2      | Bought a scroll of fog for 40 gold pieces
  1963 | D:3      | Found a basalt altar of Yredelemnul.
  1963 | D:3      | Found a radiant altar of Vehumet.
  2290 | D:3      | Reached XP level 4. HP: 25/27 MP: 5/7
  2682 | D:3      | Noticed an ogre
  2743 | D:4      | Found a glowing silver altar of Zin.
  2814 | D:4      | Noticed Blork the orc
  2823 | D:4      | Learned a level 3 spell: Call Canine Familiar
  2868 | D:4      | Killed Blork the orc
  2869 | D:4      | Reached skill level 1 in Shields
  2869 | D:4      | Reached XP level 5. HP: 13/31 MP: 1/9
  3072 | D:4      | Reached skill level 2 in Shields
  3246 | D:4      | Reached skill level 3 in Spellcasting
  3355 | D:4      | Noticed Ijyb
  3517 | D:4      | Reached skill level 3 in Shields
  3527 | D:4      | Reached XP level 6. HP: 34/36 MP: 2/10
  4177 | D:5      | Entered Level 5 of the Dungeon
  4326 | D:6      | Found an ancient bone altar of Kikubaaqudgha.
  4333 | D:5      | Noticed a black bear
  4333 | D:5      | Noticed an ice beast
  4445 | D:5      | Learned a level 4 spell: Summon Blazeheart Golem
  4570 | D:5      | Reached skill level 1 in Fire Magic
  4683 | D:5      | Reached skill level 2 in Fire Magic
  4733 | D:5      | Reached skill level 3 in Fire Magic
  4811 | D:5      | Killed an ice beast
  4812 | D:5      | Reached skill level 4 in Fire Magic
  4812 | D:5      | Reached XP level 7. HP: 29/41 MP: 4/11
  4882 | D:5      | Found a runed translucent door.
  4885 | D:5      | Noticed a vampire mosquito
  4900 | D:5      | Found a runed translucent door.
  5005 | D:5      | Reached skill level 5 in Fire Magic
  5491 | D:5      | Reached skill level 6 in Summonings
  5547 | D:5      | Found a staircase to the Ecumenical Temple.
  5556 | Temple   | Entered the Ecumenical Temple
  5569 | Temple   | Became a worshipper of Sif Muna the Loreminder
  5698 | D:5      | Reached XP level 8. HP: 40/46 MP: 9/12
  5711 | D:4      | Killed from afar by Ijyb

Vanquished Creatures
  An ice beast (D:5)
  Blork the orc (D:4)
  A bombardier beetle (D:4)
  An iguana (D:4)
  2 adders
  A gnoll (D:5)
  An ufetubus (D:5)
  An orc (D:4)
  3 goblins
  A hobgoblin (D:3)
  2 quokkas
  A ball python (D:4)
  A bat (D:3)
  A frilled lizard (D:1)
18 creatures vanquished.

Vanquished Creatures (collateral kills)
  A black bear (D:5)
  An ogre (D:5)
  A phantom (D:5)
  A scorpion (D:5)
  A gnoll bouda (D:5)
  An iguana (D:5)
  2 orc wizards
  A nameless horror (D:4)
  7 gnolls (D:5)
  3 adders
  A white imp (D:5)
  An ufetubus (D:5)
  2 dart slugs
  A ribbon worm (D:3)
  10 orcs
  3 ball pythons
  7 endoplasms
  4 giant cockroaches
  4 goblins
  3 hobgoblins
  3 kobolds
  A quokka (D:5)
  2 frilled lizards
  2 rats
63 creatures vanquished.

Vanquished Creatures (others)
  A jackal (D:4)
1 creature vanquished.

Grand Total: 82 creatures vanquished

Table legend: (Time is in decaauts)
 A = Elapsed time spent in this place.
 B = Non-inter-level travel time spent in this place.
 C = Inter-level travel time spent in this place.
 D = Time resting spent in this place.
 E = Time spent auto-exploring this place.
 F = Levels seen in this place.
 G = Mean time per level.
                   A        B        C        D        E       F      G
               +--------+--------+--------+--------+--------+-----+--------+
         Total |   5695 |   5442 |    253 |    609 |   3582 |   7 |  813.6 |
       Dungeon |   5668 |   5440 |    228 |    609 |   3582 |   6 |  944.7 |
        Temple |     26 |      1 |     25 |      0 |      0 |   1 |   26.0 |
               +--------+--------+--------+--------+--------+-----+--------+

Top non-repeatable levels by time:
     D:4: 1638 daAuts
     D:5: 1311 daAuts
     D:3: 953 daAuts
     D:1: 913 daAuts
     D:2: 849 daAuts
  Temple: 26 daAuts
     D:6: 1 daAuts

Table legend:
 A = Non-vault XP
 B = Vault XP
 C = Vault XP percentage of total XP
 D = Non-vault monster count
 E = Vault monster count
 F = Vault count percentage of total count
                 A         B        C        D         E       F
            +---------+---------+-------+---------+---------+-------
      Total |     710 |     499 |  41.3 |      69 |      11 |  13.8
            +---------+---------+-------+---------+---------+-------
        D:1 |      25 |       0 |   0.0 |      13 |       0 |   0.0
        D:2 |      28 |       0 |   0.0 |       8 |       0 |   0.0
        D:3 |      31 |       0 |   0.0 |      10 |       0 |   0.0
        D:4 |     126 |     143 |  53.2 |      20 |       4 |  16.7
        D:5 |     500 |     356 |  41.6 |      18 |       7 |  28.0
            +---------+---------+-------+---------+---------+-------
